 Dungeon Crawl Stone Soup version 0.27-a0-1123-g2f9bb313c0 (webtiles) character file.

Game seed: 254298587039121455

139 sizableburger the Grasshopper (level 5, 0/49 HPs)
             Began as a Naga Warper on May 3, 2021.
             Was an Initiate of the Shining One.
             Slain by an orc
             ... wielding a +0 trident of venom
              (1 damage)
             ... on level 3 of the Dungeon.
             The game lasted 00:07:18 (3184 turns).

sizableburger the Grasshopper (Naga Warper)         Turns: 3184, Time: 00:07:20

Health: 0/49       AC:  6    Str: 13    XL:     5   Next: 22%
Magic:  8/8        EV:  9    Int: 14    God:    the Shining One [......]
Gold:   73         SH:  0    Dex: 17    Spells: 6/8 levels left

rFire    . . .     SeeInvis +   a - +0 mace
rCold    . . .     Faith    .   (no shield)
rNeg     . . .     Spirit   .   b - +1 leather armour
rPois    +         Reflect  .   p - +0 helmet
rElec    .         Harm     .   r - +0 cloak
rCorr    .         Rampage  .   (no gloves)
Will     .....                  (no barding)
Stlth    +.........             j - amulet of magic regeneration
HPRegen  0.16/turn              k - +6 ring of dexterity
MPRegen  0.36/turn              (no ring)

@: brilliant, short of breath, glowing, very slow
A: AC +1, large, see invisible, deformed body, poison resistance, slowness 2,
spit poison 1, naga tail 1
a: Spit Poison, Renounce Religion


You were on level 3 of the Dungeon.
You worshipped the Shining One.
The Shining One was noncommittal.
You visited 1 branch of the dungeon, and saw 4 of its levels.

You collected 73 gold pieces.

Inventory:

Hand Weapons
 a - a +0 mace (weapon)
Armour
 b - a +1 leather armour (worn)
 p - a +0 helmet (worn)
 r - a +0 cloak (worn)
Jewellery
 j - an amulet of magic regeneration (around neck)
 k - a +6 ring of dexterity (left hand)
Scrolls
 c - 5 scrolls of teleportation
 i - 2 scrolls of vulnerability
Potions
 g - a potion of magic {unknown}
 h - a potion of curing {unknown}
 l - 2 potions of brilliance
 m - a potion of ambrosia {unknown}
 o - a potion of heal wounds {unknown}
 q - a potion of haste {unknown}


   Skills:
 + Level 3.5 Fighting
 + Level 3.5 Maces & Flails
 - Level 0.8 Throwing
 - Level 1.0 Armour
 - Level 1.5 Dodging
 - Level 2.0 Spellcasting
 + Level 3.7 Translocations


You had 6 spell levels left.
You knew the following spells:

 Your Spells              Type           Power      Damage    Failure   Level
a - Blink                 Tloc           N/A        N/A       10%         2

Your spell library contained the following spells:

 Spells                   Type           Power      Damage    Failure   Level
 Gell's Gravitas          Tloc           8%         N/A       19%         3
 Lesser Beckoning         Tloc           8%         N/A       19%         3
 Teleport Other           Tloc           17%        N/A       19%         3
 Corona                   Hex            2%         N/A       30%         1
 Ensorcelled Hibernation  Hex/Ice        4%         N/A       41%         2
 Confusing Touch          Hex            2%         N/A       65%         3
 Dazzling Flash           Conj/Hex       4%         N/A       65%         3
 Tukima's Dance           Hex            2%         N/A       65%         3
 Manifold Assault         Tloc           17%        N/A       87%         5


Dungeon Overview and Level Annotations

Branches:
Dungeon (4/15)
 Temple: D:4-7

Altars:
The Shining One

Annotations:
D:2 Robin


Innate Abilities, Weirdness & Mutations

Your serpentine skin is tough. (AC +1)
You have supernaturally acute eyesight. (SInv)
Armour fits poorly on your strangely shaped body.
Your system is resistant to poisons. (rPois)
You cover ground very slowly.
You can spit poison.
You have a snake-like lower body.


Message History

You hit the hobgoblin.
You kill the hobgoblin!
The orc hits you from afar with a +0 trident of venom.
* * * LOW HITPOINT WARNING * * *
You are poisoned.
The orc hits you with a +0 war axe.
* * * LOW HITPOINT WARNING * * *
* * * LOW HITPOINT WARNING * * *
You feel very sick.
You hit the orc.
The orc is almost dead.
* * * LOW HITPOINT WARNING * * *
You feel sick. The orc hits you but does no damage.
The orc hits you from afar with a +0 trident of venom.
* * * LOW HITPOINT WARNING * * *
Unknown command.
You sock the orc!
You kill the orc!
* * * LOW HITPOINT WARNING * * *
You feel sick. The orc closely misses you.
As you read the scroll labelled ONYXEI ALAOJIA, it crumbles to dust.
You hear a loud clanging noise!
It was a scroll of noise.
You have got your breath back.
* * * LOW HITPOINT WARNING * * *
You feel sick. The orc misses you.
Press: ? - help, Shift-Dir - straight line, f/p - orc
Aim: an orc, wielding a +0 trident of venom and wearing a +0 leather armour (haloed)
The splash of poison misses the orc.
* * * LOW HITPOINT WARNING * * *
You feel sick. The orc closely misses you.
Unknown command.
Okay, then.
It was a potion of brilliance.
You feel clever all of a sudden.
* * * LOW HITPOINT WARNING * * *
You feel sick.
You are no longer poisoned.
The orc hits you from afar with a +0 trident of venom.
You die...

... ## .. .. ..
.###. ... ##.##
##########...# #
###§.§.§.#...#.§.°
#A#@_o.......'....
###§.§.§.#.))#.§.°
##########.).# #
######.########
#..#.#o#.......
##....#o........
#...#####.......
#...'.(##.......
#...##.##.......


You could see an angel and an orc.

Vanquished Creatures
  6 adders
  A worm (D:2)
  3 dart slugs
  4 orcs (D:3)
  4 endoplasms
  A giant cockroach (D:1)
  5 goblins
  12 hobgoblins
  5 jackals
  4 quokkas
  5 ball pythons
  4 bats
  3 frilled lizards
  6 kobolds
  6 rats
69 creatures vanquished.

Vanquished Creatures (others)
  A jelly (D:3)
1 creature vanquished.

Grand Total: 70 creatures vanquished

Notes
Turn   | Place    | Note
-------+----------+-------------------------------------------
     0 | D:1      | sizableburger the Naga Warper began the quest for the Orb.
     0 | D:1      | Reached XP level 1. HP: 19/19 MP: 3/3
    40 | D:1      | Reached skill level 1 in Armour
   309 | D:1      | Reached XP level 2. HP: 26/26 MP: 5/5
   856 | D:1      | Reached XP level 3. HP: 30/33 MP: 6/6
   859 | D:1      | Learned a level 2 spell: Blink
   903 | D:1      | Found a faded altar of an unknown god.
  1576 | D:2      | Reached XP level 4. HP: 27/42 MP: 7/7
  2191 | D:2      | Noticed Robin
  2907 | D:3      | Reached XP level 5. HP: 46/49 MP: 8/8
  3164 | D:3      | Found a glowing golden altar of the Shining One.
  3168 | D:3      | Noticed an angel
  3173 | D:3      | Became a worshipper of the Shining One
  3183 | D:3      | HP: 2/49 [poisoned by an orc]
  3184 | D:3      | Slain by an orc

Illustrated notes

Levels and vault maps discovered:
D:1:      wander_arrival_abandoned_jail, layout_rooms,
          chequers_ecumenical_altar_simple_redux
D:2:      layout_basic, minmay_goblin_kobold_house, uniq_robin
D:3:      layout_basic, grunt_temple_overflow_holy_war
D:4:      layout_basic, nicolae_elyvilon_temple_path, trog_ov_bears_minmay,
          ebering_ghost_sewer_f

Skill      XL: |  1  2  3 |
---------------+----------+-----
Armour         | 1 |  1.0
Fighting       | 3 |  3.5
Maces & Flails | 3 |  3.5
Throwing       | |  0.8
Dodging        | |  1.5
Spellcasting   | |  2.0
Translocations | |  3.7

Action                   |  1- 3 |  4- 6 || total
-------------------------+-------+-------++-------
Melee: Mace              |    64 |    77 ||   141
Throw: Boomerang         |     3 |     2 ||     5
 Abil: Spit Poison       |    15 |    18 ||    33
  Use: Scroll            |     1 |     6 ||     7
       Potion            |       |     1 ||     1
 Stab: Sleeping          |       |     1 ||     1
Armor: Leather armour    |    20 |    16 ||    36
Dodge: Dodged            |    37 |    64 ||   101

Table legend: (Time is in decaauts)
 A = Elapsed time spent in this place.
 B = Non-inter-level travel time spent in this place.
 C = Inter-level travel time spent in this place.
 D = Time resting spent in this place.
 E = Time spent auto-exploring this place.
 F = Levels seen in this place.
 G = Mean time per level.
                   A        B        C        D        E       F      G
               +--------+--------+--------+--------+--------+-----+--------+
         Total |   3732 |   3679 |     53 |   1363 |   1738 |   4 |  933.0 |
       Dungeon |   3732 |   3679 |     53 |   1363 |   1738 |   4 |  933.0 |
               +--------+--------+--------+--------+--------+-----+--------+

Top non-repeatable levels by time:
     D:2: 1423 daAuts
     D:1: 1212 daAuts
     D:3: 1069 daAuts
     D:4: 27 daAuts
